 Dungeon Crawl Stone Soup version 0.31-a0-165-g3f4f80340b (webtiles) character file.

Game seed: 15159131803492402787

91 qw the Chopper (level 4, -4/28 HPs)
             Began as a Gargoyle Fighter on June 13, 2023.
             Killed from afar by an orc wizard (6 damage)
             ... with a magic dart
             ... on level 3 of the Dungeon.
             The game lasted 00:00:58 (1853 turns).

qw the Chopper (Gargoyle Fighter)                   Turns: 1853, Time: 00:00:59

Health: -4/28      AC: 12    Str: 21    XL:     4   Next: 59%
Magic:  4/4        EV:  5    Int:  9    God:
Gold:   79         SH: 11    Dex:  9    Spells: 3/3 levels left

rFire   . . .        Y - +1 war axe
rCold   . . .        a - +0 tower shield
rNeg    + . .        f - +0 chain mail
rPois   inf          (no helmet)
rElec   +            (no cloak)
rCorr   .            (no gloves)
SInv    .            (no boots)
Will    .....        (no amulet) Stlth
                     (no ring)
HPRegen 0.24/turn    (no ring)
MPRegen 0.09/turn

%: no passive effects
@: no status effects
A: sickness immunity, AC +3, negative energy resistance 1, electricity
resistance, torment resistance 1, petrification resistance
a: no special abilities


You were on level 3 of the Dungeon.
You visited 1 branch of the dungeon, and saw 3 of its levels.

You collected 79 gold pieces.


Innate Abilities, Weirdness & Mutations

You are immune to sickness and miasma.
Your stone body is resilient. (AC +3)
You are immune to poison.
You resist negative energy. (rN+)
You are resistant to electric shocks. (rElec)
You are resistant to unholy torment.
You are immune to petrification.


   Skills:
 - Level 3.2 Fighting
 - Level 4.1 Axes
 - Level 3.2 Armour
 + Level 3.5 Shields


You had 3 spell levels left.
You didn't know any spells.
Your spell library was empty.

Inventory:

Hand Weapons
 h - a +0 mace
 Y - a +1 war axe (weapon)
Armour
 a - a +0 tower shield (worn)
 f - a +0 chain mail (worn)
Potions
 d - a potion of might
 g - a potion of berserk rage {unknown}
 l - a potion of curing {unknown}

Dungeon Overview and Level Annotations

Branches:
Dungeon (3/15)

Altars:


Message History

The orc hits you with a +0 flail.
The orc wizard hits you but does no damage.
You feel less confused. You block the orc's attack.
You hit the orc wizard.
The orc wizard is moderately wounded.
You hit the orc.
The orc wizard hits you but does no damage.
You block the orc's attack. x2; The orc wizard barely misses you.
The orc hits you with a +0 flail.
You completely miss the orc.
The orc is almost dead.
You slash the orc wizard! You hit the orc. You block the orc's attack.
The orc wizard mumbles some strange words.
The orc wizard flickers and vanishes!
Deactivating autopickup; reactivate with Ctrl-A.
You block the orc's attack. The orc closely misses you.
You slash the orc!
You kill the orc!
You barely miss the orc. You barely miss something.
Something hits you but does no damage. The orc hits you but does no damage.
You hear some strange, mumbled words.
A puff of flame appears from out of thin air!
The puff of flame hits you!
You slash the orc!
You kill the orc!
You barely miss something. You block something's attack.
Something hits you but does no damage.
You hit something. Something hits you.
You hit something but do no damage. Something hits you.
Something hits you but does no damage.
You closely miss something. Something hits you but does no damage.
You closely miss something.
You hear some strange, mumbled words.
A magic dart appears from out of thin air!
The magic dart hits you.
You die...

##### #...#
#...######
#...#....###
#...#......# ..
#...#..[.#.### ..#
#.....{@)....# ..
#...#.))##.##.#
..#######)#..#.~.Jo#
#.#.......#.#..~.~..
#.#.######.#~~~~.~~~
#.#.# .#..~.~~~.~
#...#####.#...~~_~~.
###<......# ..~~.~~.
#######.# ..~.~.~


There were no monsters in sight!

Vanquished Creatures
  3 adders (D:2)
  3 worms (D:2)
  2 dart slugs (D:1)
  4 orcs (D:3)
  5 ball pythons
  2 bats
  5 endoplasms
  4 giant cockroaches
  2 goblins
  3 hobgoblins
  2 quokkas (D:2)
  A frilled lizard (D:2)
  5 kobolds
  5 rats
46 creatures vanquished.

Notes
Turn   | Place    | Note
-------+----------+-------------------------------------------
     0 | D:1      | qw the Gargoyle Fighter began the quest for the Orb.
     0 | D:1      | Reached XP level 1. HP: 14/14 MP: 1/1
     0 | D:1      | 0 ||| qw: Version: 0.2-a-29-gc1b59c4
     0 | D:1      | 0 ||| qw: Game counter: 4657
     0 | D:1      | 0 ||| qw: Always use a shield: true
     0 | D:1      | 0 ||| qw: God list: Okawaru
     0 | D:1      | 0 ||| qw: Allow faded altars: false
     0 | D:1      | 0 ||| qw: Do Orc after D:15 true
     0 | D:1      | 0 ||| qw: Do second Lair branch before Depths: true
     0 | D:1      | 0 ||| qw: Lair rune preference: random
     0 | D:1      | 0 ||| qw: Plans: Normal, Zot:1-4, Slime:5, God:TSO, Crypt,
                  | Tomb, Abyss, Pan, Hells, Win
     0 | D:1      | 0 ||| PLANNING D:1-11
    34 | D:1      | 34 ||| Stepping ~*~*~tactically~*~*~ (stealth).
   113 | D:1      | Reached skill level 2 in Axes
   124 | D:1      | 124 ||| Stepping ~*~*~tactically~*~*~ (stealth).
   144 | D:1      | Reached XP level 2. HP: 15/19 MP: 2/2
   221 | D:1      | 221 ||| Stepping ~*~*~tactically~*~*~ (stealth).
   305 | D:1      | 305 ||| Stepping ~*~*~tactically~*~*~ (hiding).
   451 | D:1      | Reached skill level 3 in Axes
   531 | D:1      | Reached XP level 3. HP: 22/23 MP: 3/3
   970 | D:1      | 970 ||| UPGRADING to +0 chain mail.
   980 | D:1      | 980 ||| DROPPING +0 scale mail.
   981 | D:1      | 981 ||| READING scroll labelled ANEEMP JATOICU.
   982 | D:1      | 982 ||| READING scroll labelled IQEUNN DURPHA.
   983 | D:1      | 983 ||| READING scroll labelled MUGGINW RILOSI.
   984 | D:1      | 984 ||| READING scroll labelled IFAIWK WOUPT.
  1330 | D:2      | Reached XP level 4. HP: 28/28 MP: 4/4
  1477 | D:2      | Reached skill level 4 in Axes
  1665 | D:2      | 1665 ||| Stepping ~*~*~tactically~*~*~ (stealth).
  1667 | D:2      | 1667 ||| Stepping ~*~*~tactically~*~*~ (hiding).
  1778 | D:2      | 1778 ||| UPGRADING to +0 tower shield.
  1788 | D:2      | 1788 ||| DROPPING +0 buckler.
  1815 | D:3      | Found a faded altar of an unknown god.
  1820 | D:3      | 1820 ||| Stepping ~*~*~tactically~*~*~ (stealth).
  1824 | D:3      | 1824 ||| Stepping ~*~*~tactically~*~*~ (stealth).
  1825 | D:3      | 1825 ||| Stepping ~*~*~tactically~*~*~ (hiding).
  1848 | D:3      | HP: 3/28 [something/puff of flame (8)]
  1851 | D:3      | HP: 1/28 [something (2)]
  1853 | D:3      | Killed from afar by an orc wizard

Levels and vault maps discovered:
D:1:      psy_arrival_radial02, layout_basic
D:2:      layout_loops_ring
D:3:      layout_basic, lemuel_doored_altar, jmf_multi_god_temple,
          ebering_ghost_reflecting_pool, serial_shops, shop,
          shapermc_ecumenical_altar_starsandcircs

Skill      XL: |  1  2  3  4 |
---------------+-------------+-----
Axes           | 2 3 4 |  4.1
Fighting       | |  3.2
Armour         | |  3.2
Shields        | |  3.5

Action                     |  1- 3 |  4- 6 || total
---------------------------+-------+-------++-------
  Melee: War axe           |   100 |    50 ||   150
    Use: Scroll            |     4 |       ||     4
 Armour: Scale mail        |    23 |       ||    23
         Chain mail        |    19 |    31 ||    50
  Dodge: Dodged            |    31 |    17 ||    48
  Block: Buckler           |    22 |     4 ||    26
         Tower shield      |       |    13 ||    13

Table legend:
 A = Non-vault XP
 B = Vault XP
 C = Vault XP percentage of total XP
 D = Non-vault monster count
 E = Vault monster count
 F = Vault count percentage of total count
                 A         B        C        D         E       F
            +---------+---------+-------+---------+---------+-------
      Total |     131 |       0 |   0.0 |      46 |       0 |   0.0
            +---------+---------+-------+---------+---------+-------
        D:1 |      38 |       0 |   0.0 |      19 |       0 |   0.0
        D:2 |      79 |       0 |   0.0 |      22 |       0 |   0.0
        D:3 |      14 |       0 |   0.0 |       5 |       0 |   0.0
            +---------+---------+-------+---------+---------+-------
